 Dungeon Crawl Stone Soup version 0.25-a0-842-g81a31cf (webtiles) character file.

Game seed: 17901594703270462276, levelgen mode: deterministic

11105 Faca the Fighter (level 11, -2/105 HPs)
             Began as a Purple Draconian Gladiator on Apr 24, 2020.
             Was an Elder of Okawaru.
             Engulfed by a steam dragon's steam (9 damage)
             ... on level 11 of the Dungeon.
             The game lasted 00:27:54 (14923 turns).

Faca the Fighter (Purple Draconian Gladiator)      Turns: 14923, Time: 00:27:55

Health: -2/105     AC: 10    Str: 20    XL:     11   Next: 44%
Magic:  14/14      EV: 15    Int:  9    God:    Okawaru [****..]
Gold:   614        SH:  5    Dex: 15    Spells: 10/10 levels left

rFire    . . .     SeeInvis .   q - +1 hand axe (venom)
rCold    . . .     Gourm    .   (no shield)
rNeg     . . .     Faith    .   (armour unavailable)
rPois    .         Spirit   .   b - +1 hat
rElec    .         Reflect  +   E - +0 cloak
rCorr    .         Harm     .   p - +0 pair of fencer's gloves {Riposte Dex+3}
MR       +....                  (no boots)
Stlth    ++........             A - +5 amulet of reflection
HPRegen  0.27/turn              s - ring of stealth
MPRegen  0.14/turn              (no ring)

@: no status effects
A: breathe power, unfitting armour, cold-blooded, AC +7
a: Breathe Dispelling Energy, Heroism, Renounce Religion


You were on level 11 of the Dungeon.
You worshipped Okawaru.
Okawaru was greatly pleased with you.
You were hungry.

You visited 2 branches of the dungeon, and saw 13 of its levels.
You also visited: Sewer.

You collected 614 gold pieces.

Inventory:

Hand Weapons
 q - a +1 hand axe of venom (weapon)
 u - a +1 morningstar
Missiles
 c - 3 throwing nets
 j - 16 poisoned darts (quivered)
 m - 16 boomerangs
 D - 8 javelins
Armour
 b - a +1 hat (worn)
 p - the +0 pair of fencer's gloves (worn) {Riposte Dex+3}
   (You found it on level 5 of the Dungeon)

   It affects your dexterity (+3).
 E - a +0 cloak (worn)
Jewellery
 l - an uncursed ring of fire
 s - a ring of stealth (left hand)
 A - a +5 amulet of reflection (around neck)
Wands
 t - a wand of polymorph (7)
 x - a wand of flame (38)
 y - a wand of iceblast (18)
Scrolls
 a - 4 scrolls of identify
 e - 9 scrolls of remove curse
 g - 3 scrolls of teleportation
 i - a scroll of enchant weapon
 r - 5 scrolls of blinking
 w - 6 scrolls of enchant armour
Potions
 f - 5 potions of lignification
 h - 2 potions of flight
 k - 3 potions of curing
 n - a potion of mutation
 o - 2 potions of cancellation
 v - 4 potions of haste
 z - a potion of might
Comestibles
 d - 22 rations
 C - 3 chunks of flesh


   Skills:
 + Level 12.7 Fighting
 + Level 12.0 Maces & Flails
 + Level 3.9 Throwing
 + Level 4.8 Dodging
 + Level 4.5 Invocations


You had 10 spell levels left.
You didn't know any spells.
Your spell library contained the following spells:

 Spells                   Type           Power        Failure   Level  Hunger
 Animate Skeleton         Necr           N/A          38%         1    ##.....
 Apportation              Tloc           #.....       38%         1    ##.....
 Corona                   Hex            #......      38%         1    ##.....
 Summon Small Mammal      Summ           #...         38%         1    ##.....
 Call Imp                 Summ           #.......     52%         2    ###....
 Call Canine Familiar     Summ           #.......     77%         3    ####...
 Confusing Touch          Hex            #.......     77%         3    ####...
 Gell's Gravitas          Tloc           #.........   77%         3    ####...
 Summon Guardian Golem    Hex/Summ       #.......     77%         3    ####...
 Petrify                  Tmut/Erth      #.......     99%         4    #####..
 Summon Ice Beast         Ice/Summ       #.......     99%         4    #####..
 Summon Lightning Spire   Summ/Air       #.......     99%         4    #####..
 Metabolic Englaciation   Hex/Ice        #.........   100%        5    ######.
 Yara's Violent Unravell  Hex/Tmut       #.........   100%        5    ######.


Dungeon Overview and Level Annotations

Branches:
Dungeon (12/15)            Temple (1/1) D:7            Lair (0/6) D:8
  Sewer (visited)
    Orc: D:9-12

Altars:
Ashenzari
Cheibriados
Dithmenos
Elyvilon
Fedhas
Gozag
Hepliaklqana
Makhleb
Okawaru
Qazlal
Sif Muna
Trog
Uskayaw
Vehumet
Wu Jian
Yredelemnul
The Shining One


Innate Abilities, Weirdness & Mutations

You can breathe bolts of dispelling energy.
Your rich purple scales are hard. (AC +7)
You cannot fit into any form of body armour.
You are cold-blooded and may be slowed by cold attacks.


Message History

You feel much better. The steam dragon breathes steam at you.
The ball of steam hits you!
You hit the steam dragon but do no damage.
The steam dragon is heavily wounded.
You are engulfed in a cloud of scalding steam.
* * * LOW HITPOINT WARNING * * *
The steam dragon bites you.
* * * LOW HITPOINT WARNING * * *
The steam dragon barely misses you. The steam dragon breathes steam at you.
The ball of steam hits you!!
* * * LOW HITPOINT WARNING * * *
You hear a bellow! x2
Things that are here:
a +0 leather armour; an orc corpse You closely miss the steam dragon.
The steam dragon is severely wounded.
You are engulfed in a cloud of scalding steam.
You die...

#....#...(... #....'.....######
####'#.....#.......
..........$........
...........8≈≈≈≈≈≈
......)....≈8≈≈≈≈
...........≈≈.'#################
...........≈≈o#D................
...........≈≈##§@.))....).......
...........o.....§))).).8.......
...>.......≈≈##..)§))...........
.....[#'##.≈≈.#§................
......'....≈≈.'#################
......#....≈8≈≈≈≈
......#....8≈≈≈≈≈≈
......####.....^...
...................


You could see a steam dragon and an orc.

Vanquished Creatures
  A two-headed ogre (D:9)
  A manticore (D:11)
  4 centaur zombies
  A centaur skeleton (D:12)
  Maggie (D:10)
  2 trolls
  A hornet (D:10)
  Prince Ribbit (D:7)
  2 hippogriffs
  A wyvern (D:11)
  2 basilisks (D:8)
  Grum (D:10)
  A steam dragon (D:7)
  3 porcupines (D:8)
  An ice beast (D:10)
  5 sky beasts
  4 black bears
  9 orc warriors
  An eye of draining (D:12)
  A necrophage (D:5)
  3 ogres
  4 wolves
  5 centaurs
  A crocodile (D:8)
  A big kobold (D:10)
  7 bullfrogs
  3 scorpions
  12 killer bees
  5 wights (D:8)
  2 electric eels (D:6)
  4 howler monkeys
  2 crimson imps
  A quasit (D:9)
  7 hounds
  6 jellies
  8 orc priests
  9 orc wizards
  3 bullfrog skeletons
  Terence (D:2)
  6 worker ants
  3 iguanas
  A hound skeleton (D:10)
  16 adders
  A howler monkey skeleton (D:8)
  A shadow imp (D:6)
  19 oozes
  An adder skeleton (D:8)
  A worm (D:3)
  3 dart slugs
  14 leopard geckos
  58 orcs
  7 ball pythons
  19 giant cockroaches
  5 goblins
  3 hobgoblins
  4 jackals (D:6)
  3 kobolds
  5 quokkas
  5 bats
  15 frilled lizards
  A leopard gecko skeleton (D:5)
  A leopard gecko zombie (D:6)
  A quokka skeleton (D:5)
  A quokka zombie (D:7)
  9 rats
330 creatures vanquished.

Vanquished Creatures (others)
  An orc (D:10)
1 creature vanquished.

Grand Total: 331 creatures vanquished

Notes
Turn   | Place    | Note
-------+----------+-------------------------------------------
     0 | D:1      | Faca the Draconian Gladiator began the quest for the Orb.
     0 | D:1      | Reached XP level 1. HP: 17/17 MP: 1/1
   162 | D:1      | Reached XP level 2. HP: 24/25 MP: 2/2
   728 | D:2      | Reached XP level 3. HP: 14/31 MP: 3/3
  1254 | D:2      | Noticed Terence
  1261 | D:2      | Killed Terence
  1316 | D:2      | Found a stormy altar of Qazlal.
  1379 | D:2      | You fall into a shaft and drop 1 floor!
  1390 | D:3      | Reached XP level 4. HP: 40/40 MP: 4/4
  1391 | D:3      | Found a white marble altar of Elyvilon.
  1974 | D:3      | You fall into a shaft and drop 3 floors!
  2181 | D:6      | Noticed a bullfrog
  2191 | D:6      | Killed a bullfrog
  2191 | D:6      | Reached XP level 5. HP: 23/47 MP: 5/5
  2353 | D:5      | Entered Level 5 of the Dungeon
  2439 | D:5      | Noticed a sky beast
  2454 | D:5      | Killed a sky beast
  2454 | D:5      | Reached skill level 5 in Fighting
  2454 | D:5      | Reached skill level 5 in Maces & Flails
  2454 | D:5      | Reached XP level 6. HP: 12/56 MP: 6/6
  2459 | D:5      | Found a glowing drain.
  2495 | Sewer    | Entered a sewer
  3252 | D:4      | Your scales start taking on a rich purple colour.
  3252 | D:4      | Reached XP level 7. HP: 54/63 MP: 7/7
  4555 | D:5      | Found the +0 pair of fencer's gloves {Riposte Dex+3}
  4590 | D:5      | Reached XP level 8. HP: 42/71 MP: 8/8
  6532 | D:7      | Found a stormy altar of Qazlal.
  6577 | D:7      | Reached XP level 9. HP: 82/84 MP: 9/9
  6579 | D:7      | Noticed Prince Ribbit
  6596 | D:7      | Killed Prince Ribbit
  6956 | D:7      | Reached skill level 10 in Fighting
  7178 | D:7      | Found a staircase to the Ecumenical Temple.
  7196 | Temple   | Entered the Ecumenical Temple
  7206 | Temple   | Became a worshipper of Warmaster Okawaru
  7917 | D:8      | Reached skill level 10 in Maces & Flails
  7923 | D:8      | Reached * piety under Okawaru
  8407 | D:8      | Reached XP level 10. HP: 54/96 MP: 10/10
  8592 | D:8      | Found a staircase to the Lair.
  8704 | D:8      | Reached ** piety under Okawaru
  9863 | D:9      | You fall into a shaft and drop 3 floors!
 10484 | D:12     | Reached skill level 1 in Invocations
 10492 | D:12     | Reached *** piety under Okawaru
 10938 | D:10     | Entered Level 10 of the Dungeon
 10952 | D:9      | Noticed a two-headed ogre
 11338 | D:9      | Killed a two-headed ogre
 12730 | D:10     | Reached XP level 11. HP: 96/105 MP: 13/13
 12870 | D:10     | Reached **** piety under Okawaru
 12973 | D:10     | Noticed Grum
 12983 | D:10     | Killed Grum
 13495 | D:10     | Noticed Maggie
 13551 | D:10     | Killed Maggie
 13551 | D:10     | Received a gift from Okawaru
 14923 | D:11     | Engulfed by a steam dragon's steam

Levels and vault maps discovered:
D:1:      dpeg_arrival_shelter, layout_basic
D:2:      layout_loops_corners, first_ration, nicolae_qazlal_eye_of_the_storm,
          uniq_terence
D:3:      layout_rooms, lemuel_crystal_altar
D:4:      layout_basic
D:5:      layout_loops_ring, portal_sewer_entry_d
D:6:      layout_loops_corners, serial_bayou, serial_bayou_pond_c,
          serial_bayou_pond_d, serial_bayou_ford_a, serial_bayou_pond_d,
          minmay_puff
D:7:      layout_basic, minmay_temple_entry_waves, basic_altar,
          uniq_prince_ribbit1
D:8:      layout_cave_pods, minmay_lair_entry_grove
D:9:      layout_loops_ring
D:10:     minmay_inner_zag, layout_rooms, hangedman_little_slice_of_home,
          minmay_crystal_water, uniq_grum, uniq_maggie
D:11:     layout_gridville, erik_orc_2
D:12:     layout_stronghold, st_stairs_10, minmay_misc_feat_five,
          grunt_dithmenos_smoke_and_mirrors, uniq_rupert, uniq_maurice
Temple:   dpeg_three_leaves_temple

Skill      XL: |  1  2  3  4  5  6  7  8  9 10 11 |
---------------+----------------------------------+-----
Fighting       | 3 4 5 6 7 9 11 12 | 12.7
Maces & Flails | 4 5 6 7 8 10 11 12 | 12.0
Dodging        | 3 4 |  4.8
Invocations    | 3 4 |  4.5
Throwing       | 2 3 |  3.9

Action                   |  1- 3 |  4- 6 |  7- 9 | 10-12 || total
-------------------------+-------+-------+-------+-------++-------
Melee: Flail             |    59 |       |       |       ||    59
       Tailslap          |     9 |    23 |    59 |   117 ||   208
       Hand axe          |    17 |   214 |   317 |   553 ||  1101
       Punch             |       |       |       |     1 ||     1
Throw: Dart              |       |       |     5 |     7 ||    12
Invok: Heroism           |       |       |       |     2 ||     2
 Abil: Breathe Dispellin |       |       |     3 |     2 ||     5
  Use: Scroll            |     5 |     9 |     5 |     6 ||    25
       Potion            |       |     2 |     4 |     1 ||     7
 Stab: Sleeping          |     3 |     1 |     7 |     9 ||    20
       Distracted        |       |       |       |     1 ||     1
  Eat: Chunk             |     2 |     6 |    14 |    21 ||    43
       Ration            |       |       |     1 |       ||     1
Armor: Skin              |    30 |    76 |   100 |   155 ||   361
Dodge: Dodged            |    44 |   157 |   195 |   282 ||   678
Block: Other             |       |       |       |    72 ||    72
       Reflection        |       |       |       |     1 ||     1
       Rpst.: Hand axe   |       |       |    38 |    72 ||   110

Table legend:
 A = Non-vault XP
 B = Vault XP
 C = Vault XP percentage of total XP
 D = Non-vault monster count
 E = Vault monster count
 F = Vault count percentage of total count
                 A         B        C        D         E       F
            +---------+---------+-------+---------+---------+-------
      Total |   10486 |    5379 |  33.9 |     217 |     113 |  34.2
            +---------+---------+-------+---------+---------+-------
        D:1 |      29 |       0 |   0.0 |      15 |       0 |   0.0
        D:2 |      47 |      36 |  43.4 |      13 |       1 |   7.1
        D:3 |     120 |       0 |   0.0 |      21 |       0 |   0.0
        D:4 |     318 |       0 |   0.0 |      20 |       0 |   0.0
        D:5 |     593 |      13 |   2.1 |      12 |       1 |   7.7
        D:6 |     405 |     267 |  39.7 |      12 |       3 |  20.0
        D:7 |    1532 |     516 |  25.2 |      32 |       3 |   8.6
        D:8 |     774 |    1392 |  64.3 |      19 |      10 |  34.5
        D:9 |    2412 |       0 |   0.0 |      32 |       0 |   0.0
       D:10 |    2016 |    1865 |  48.1 |      25 |      18 |  41.9
       D:11 |    1407 |     511 |  26.6 |       6 |      16 |  72.7
       D:12 |     833 |     472 |  36.2 |      10 |       2 |  16.7
      Sewer |       0 |     307 | 100.0 |       0 |      59 | 100.0
            +---------+---------+-------+---------+---------+-------
